[ PARTIDA AOE2 · #495753017 ]
UnrankedPolacos vs Japanese
Equipo del jugador · DERR
Equipo rival · VICT
[ ANÁLISIS DE REPETICIÓN · EXTRAÍDO DE LA PARTIDA GRABADA ]
Feudal
11:21
Castillos
15:42
Imperial
—
| APM promedio | 15.3 |
| APM pico | 34 |
| eAPM promedio | 10.3 |
| Aldeanos / militares | 59 / 13 |
Foco
⚔️ 13.9% · 🌾 86.1%
Monk ×5 · Spearman ×5 · Mangonel ×3
Feudal
12:10
Castillos
16:57
Imperial
—
| APM promedio | 22.0 |
| APM pico | 48 |
| eAPM promedio | 9.7 |
| Aldeanos / militares | 56 / 32 |
Foco
⚔️ 29.6% · 🌾 70.4%
Samurai ×26 · Battering Ram ×5 · Petard ×1
Mapa de la partida
Recursos iniciales + cada clic de construcción. Líneas = muros · curvas = relieve. ◆ oro · ⬟ piedra · ● bayas · ✦ reliquia · ◌ hueco del cierre
Tu base· ✓ Cerrada en 15:42 · 0t muro · 2 puerta(s)
Base de BATWIN· ✓ Cerrada en 16:57 · 0t muro · 2 puerta(s)
Terreno inicial suavizado · ◌ = hueco del cierre detectado · pasá el cursor para detalles
Inputs por minuto
— jure - - BATWIN
Build order — jure
141 acciones detectadas en el replay
| 0:02 | Encolar | Villager (Male) |
| 0:02 | Encolar | Villager (Male) |
| 0:03 | Encolar | Villager (Male) |
| 0:03 | Encolar | Villager (Male) |
| 0:05 | Construir | House |
| 0:06 | Construir | House |
| 1:31 | Encolar | Villager (Male) |
| 1:54 | Construir | House |
| 1:56 | Construir | House |
| 2:05 | Encolar | Villager (Male) |
| 2:16 | Construir | Lumber Camp |
| 2:20 | Encolar | Villager (Male) |
| 3:02 | Encolar | Villager (Male) |
| 3:02 | Encolar | Villager (Male) |
| 3:35 | Encolar | Villager (Male) |
| 3:36 | Encolar | Villager (Male) |
| 3:52 | Encolar | Villager (Male) |
| 4:29 | Encolar | Villager (Male) |
| 4:29 | Encolar | Villager (Male) |
| 5:01 | Encolar | Villager (Male) |
| 5:01 | Encolar | Villager (Male) |
| 5:19 | Encolar | Villager (Male) |
| 5:35 | Encolar | Villager (Male) |
| 6:24 | Encolar | Villager (Male) |
| 6:41 | Encolar | Villager (Male) |
| 7:03 | Construir | Mill |
| 7:07 | Encolar | Villager (Male) |
| 7:45 | Encolar | Villager (Male) |
| 8:05 | Encolar | Villager (Male) |
| 8:17 | Construir | Farm |
| 8:19 | Construir | Farm |
| 8:37 | Encolar | Villager (Male) |
| 8:56 | Construir | Mining Camp |
| 9:02 | Investigar | Feudal Age |
| 9:35 | Encolar | Villager (Male) |
| 9:35 | Encolar | Villager (Male) |
| 10:05 | Construir | Farm |
| 10:33 | Construir | Farm |
| 11:21 | Edad | Edad Feudal |
| 11:27 | Construir | Market |
| 11:35 | Construir | Blacksmith |
| 11:52 | Construir | Farm |
| 12:01 | Construir | Farm |
| 12:19 | Construir | Farm |
| 13:02 | Investigar | Castle Age |
| 13:03 | Investigar | Castle Age |
| 13:28 | Construir | House |
| 13:30 | Construir | House |
| 13:53 | Construir | Farm |
| 13:56 | Construir | Farm |
| 14:03 | Investigar | Double-Bit Axe |
| 14:08 | Investigar | Horse Collar |
| 14:31 | Construir | Barracks |
| 15:13 | Encolar | Villager (Male) |
| 15:13 | Encolar | Villager (Male) |
| 15:42 | Edad | Edad de los Castillos |
| 15:46 | Construir | Town Center |
| 16:05 | Construir | Monastery |
| 16:18 | Encolar | Villager (Male) |
| 16:18 | Encolar | Villager (Male) |
| 16:45 | Construir | Town Center |
| 16:50 | Encolar | Villager (Male) |
| 16:53 | Encolar | Monk |
| 16:53 | Encolar | Monk |
| 17:35 | Investigar | Bow Saw |
| 17:42 | Encolar | Villager (Male) |
| 17:42 | Encolar | Villager (Male) |
| 17:57 | Encolar | Villager (Male) |
| 17:58 | Encolar | Villager (Male) |
| 18:02 | Investigar | Heavy Plow |
| 18:09 | Encolar | Spearman |
| 18:09 | Encolar | Spearman |
| 18:12 | Encolar | Villager (Male) |
| 18:12 | Encolar | Villager (Male) |
| 18:45 | Encolar | Villager (Male) |
| 18:45 | Encolar | Villager (Male) |
| 18:47 | Investigar | Loom |
| 19:01 | Encolar | Villager (Male) |
| 19:02 | Encolar | Villager (Male) |
| 19:24 | Encolar | Villager (Male) |
| 19:24 | Encolar | Villager (Male) |
| 19:29 | Encolar | Monk |
| 19:39 | Encolar | Villager (Male) |
| 19:39 | Encolar | Villager (Male) |
| 19:54 | Construir | Mill |
| 20:00 | Construir | Farm |
| 20:01 | Construir | Farm |
| 20:01 | Construir | Farm |
| 20:11 | Construir | Mining Camp |
| 20:13 | Investigar | Wheelbarrow |
| 20:23 | Construir | House |
| 20:26 | Construir | House |
| 20:31 | Construir | Farm |
| 20:32 | Construir | Farm |
| 20:34 | Encolar | Villager (Male) |
| 20:34 | Encolar | Villager (Male) |
| 20:56 | Construir | Farm |
| 20:56 | Construir | Farm |
| 20:57 | Construir | Farm |
| 20:58 | Construir | Farm |
| 21:07 | Construir | Mill |
| 21:10 | Construir | Farm |
| 21:11 | Construir | Farm |
| 21:11 | Construir | Farm |
| 21:12 | Construir | Farm |
| 21:12 | Construir | Farm |
| 21:46 | Encolar | Villager (Male) |
| 21:46 | Encolar | Villager (Male) |
| 21:46 | Encolar | Villager (Male) |
| 22:11 | Construir | Farm |
| 22:11 | Construir | Farm |
| 22:30 | Encolar | Villager (Male) |
| 22:30 | Encolar | Villager (Male) |
| 22:40 | Encolar | Villager (Male) |
| 22:41 | Encolar | Villager (Male) |
| 22:50 | Construir | Siege Workshop |
| 22:56 | Construir | Archery Range |
| 22:58 | Encolar | Villager (Male) |
| 22:59 | Encolar | Villager (Male) |
| 23:07 | Construir | House |
| 23:09 | Construir | House |
| 23:12 | Construir | House |
| 23:19 | Construir | University |
| 23:23 | Construir | House |
| 23:27 | Encolar | Villager (Male) |
| 23:27 | Encolar | Villager (Male) |
| 23:28 | Encolar | Villager (Male) |
| 23:46 | Encolar | Mangonel |
| 23:46 | Encolar | Mangonel |
| 23:55 | Construir | Stone Wall |
| 24:05 | Construir | Stone Wall |
| 24:06 | Construir | Stone Wall |
| 24:10 | Encolar | Spearman |
| 24:10 | Encolar | Spearman |
| 24:10 | Encolar | Spearman |
| 24:14 | Encolar | Monk |
| 24:14 | Encolar | Monk |
| 24:23 | Encolar | Mangonel |
| 24:55 | Construir | House |
| 25:17 | Construir | Farm |
| 26:52 | Construir | Siege Workshop |
Build order — BATWIN
143 acciones detectadas en el replay
| 0:01 | Encolar | Villager (Male) |
| 0:01 | Encolar | Villager (Male) |
| 0:02 | Encolar | Villager (Male) |
| 0:03 | Construir | House |
| 0:05 | Construir | House |
| 0:29 | Encolar | Villager (Male) |
| 0:30 | Encolar | Villager (Male) |
| 0:30 | Encolar | Villager (Male) |
| 1:42 | Encolar | Villager (Male) |
| 1:42 | Encolar | Villager (Male) |
| 1:43 | Encolar | Villager (Male) |
| 2:09 | Encolar | Villager (Male) |
| 2:09 | Encolar | Villager (Male) |
| 2:09 | Encolar | Villager (Male) |
| 2:35 | Encolar | Villager (Male) |
| 2:55 | Construir | House |
| 2:58 | Construir | House |
| 3:17 | Encolar | Villager (Male) |
| 3:17 | Encolar | Villager (Male) |
| 3:39 | Construir | Lumber Camp |
| 3:45 | Encolar | Villager (Male) |
| 3:46 | Encolar | Villager (Male) |
| 3:46 | Encolar | Villager (Male) |
| 3:46 | Encolar | Villager (Male) |
| 3:57 | Construir | Mill |
| 4:18 | Encolar | Villager (Male) |
| 5:31 | Encolar | Villager (Male) |
| 5:31 | Encolar | Villager (Male) |
| 6:01 | Encolar | Villager (Male) |
| 6:02 | Encolar | Villager (Male) |
| 6:32 | Encolar | Villager (Male) |
| 7:15 | Encolar | Villager (Male) |
| 7:19 | Construir | Farm |
| 7:21 | Construir | Farm |
| 7:22 | Construir | Farm |
| 7:47 | Encolar | Villager (Male) |
| 7:52 | Construir | House |
| 8:41 | Encolar | Villager (Male) |
| 9:09 | Encolar | Villager (Male) |
| 9:35 | Encolar | Villager (Male) |
| 9:59 | Investigar | Feudal Age |
| 10:40 | Construir | Farm |
| 10:42 | Construir | Farm |
| 10:44 | Construir | Farm |
| 11:26 | Encolar | Villager (Male) |
| 11:27 | Encolar | Villager (Male) |
| 11:36 | Construir | House |
| 11:36 | Construir | House |
| 12:10 | Construir | Farm |
| 12:10 | Edad | Edad Feudal |
| 12:28 | Construir | Mining Camp |
| 12:35 | Construir | Market |
| 12:39 | Construir | Blacksmith |
| 12:45 | Encolar | Villager (Male) |
| 12:50 | Construir | Mining Camp |
| 13:20 | Encolar | Villager (Male) |
| 13:52 | Investigar | Loom |
| 14:00 | Investigar | Castle Age |
| 14:17 | Construir | Lumber Camp |
| 15:28 | Encolar | Villager (Male) |
| 15:28 | Encolar | Villager (Male) |
| 15:29 | Encolar | Villager (Male) |
| 16:34 | Construir | House |
| 16:36 | Construir | House |
| 16:38 | Construir | House |
| 16:39 | Construir | House |
| 16:57 | Edad | Edad de los Castillos |
| 17:03 | Encolar | Villager (Male) |
| 17:08 | Construir | Castle |
| 17:22 | Construir | Siege Workshop |
| 17:35 | Encolar | Villager (Male) |
| 17:57 | Encolar | Battering Ram |
| 17:58 | Encolar | Battering Ram |
| 17:58 | Encolar | Battering Ram |
| 18:12 | Encolar | Samurai |
| 18:12 | Encolar | Samurai |
| 18:13 | Encolar | Samurai |
| 18:13 | Encolar | Samurai |
| 18:23 | Construir | Lumber Camp |
| 18:51 | Encolar | Villager (Male) |
| 18:53 | Encolar | Samurai |
| 18:53 | Encolar | Samurai |
| 18:54 | Encolar | Samurai |
| 18:54 | Encolar | Samurai |
| 18:54 | Encolar | Samurai |
| 19:07 | Encolar | Villager (Male) |
| 19:11 | Encolar | Samurai |
| 19:11 | Encolar | Samurai |
| 19:12 | Encolar | Samurai |
| 19:30 | Encolar | Battering Ram |
| 19:41 | Encolar | Samurai |
| 19:48 | Encolar | Villager (Male) |
| 19:50 | Encolar | Villager (Male) |
| 19:55 | Encolar | Samurai |
| 19:55 | Encolar | Samurai |
| 20:09 | Encolar | Battering Ram |
| 20:21 | Encolar | Petard |
| 20:35 | Encolar | Villager (Male) |
| 20:43 | Encolar | Samurai |
| 20:48 | Encolar | Samurai |
| 20:48 | Encolar | Samurai |
| 21:02 | Construir | Farm |
| 21:04 | Construir | Farm |
| 21:05 | Construir | Farm |
| 21:06 | Construir | Farm |
| 21:10 | Encolar | Samurai |
| 21:10 | Encolar | Samurai |
| 21:23 | Construir | House |
| 21:24 | Construir | House |
| 21:25 | Construir | House |
| 21:26 | Construir | House |
| 21:36 | Encolar | Villager (Male) |
| 21:44 | Construir | Farm |
| 21:45 | Construir | Farm |
| 21:56 | Encolar | Samurai |
| 22:03 | Construir | Farm |
| 22:10 | Encolar | Villager (Male) |
| 22:22 | Encolar | Samurai |
| 22:26 | Construir | Farm |
| 22:32 | Construir | Farm |
| 22:40 | Encolar | Villager (Male) |
| 23:12 | Construir | Barracks |
| 23:27 | Encolar | Villager (Male) |
| 23:39 | Encolar | Villager (Male) |
| 24:01 | Encolar | Villager (Male) |
| 24:07 | Encolar | Villager (Male) |
| 24:08 | Investigar | Forging |
| 24:58 | Encolar | Villager (Male) |
| 25:02 | Construir | House |
| 25:03 | Investigar | Arson |
| 25:37 | Encolar | Villager (Male) |
| 25:40 | Construir | House |
| 25:42 | Investigar | Squires |
| 25:43 | Encolar | Samurai |
| 25:43 | Encolar | Samurai |
| 25:44 | Encolar | Samurai |
| 25:45 | Encolar | Samurai |
| 25:59 | Encolar | Villager (Male) |
| 26:38 | Encolar | Villager (Male) |
| 26:41 | Construir | House |
| 26:42 | Construir | House |
| 27:03 | Encolar | Villager (Male) |
| 27:08 | Investigar | Scale Mail Armor |
Cronología de la partida
| 11:21 | jure · age_up feudal |
| 12:10 | BATWIN · age_up feudal |
| 13:47 | BATWIN · first_market_sell 100 stone |
| 14:31 | jure · first_building Barracks |
| 15:42 | jure · age_up castle |
| 16:05 | jure · first_building Monastery |
| 16:57 | BATWIN · age_up castle |
| 17:08 | BATWIN · first_building Castle |
| 17:22 | BATWIN · first_building Siege Workshop |
| 22:50 | jure · first_building Siege Workshop |
| 22:56 | jure · first_building Archery Range |
| 23:12 | BATWIN · first_building Barracks |
| 23:55 | jure · wall_segment Stone Wall x11 |
| 24:05 | jure · wall_segment Stone Wall x1 |
| 24:06 | jure · wall_segment Stone Wall x1 |
| 27:15 | jure · resign |
[ ANÁLISIS IA · 1 CRÉDITO ]
¿Qué pasó realmente en esta partida?
Wolo.gg analiza cada decisión: build order, eco, micro, errores típicos por bracket. Análisis personalizado por WhatsApp o Discord en 30 segundos.
Guía civ
Polacos
Perfil
Jugador #17554096